 Dungeon Crawl Stone Soup version 0.16.1-14-g82efdee (webtiles) character file.

745 digdugdiggy the Spear-Bearer (level 7, -14/46 HPs)
             Began as a Merfolk Ice Elementalist on Apr 14, 2015.
             Was an Initiate of Okawaru.
             Demolished by a mummy (15 damage)
             ... in an ossuary.
             The game lasted 00:15:39 (6509 turns).

digdugdiggy the Spear-Bearer (MfIE)                 Turns: 6509, Time: 00:15:39

Health: -14/46     AC:  2    Str:  9    XL:     7   Next: 76%
Magic:  4/15       EV: 16    Int: 16    God:    Okawaru [......]
Gold:   142        SH:  0    Dex: 14    Spells: 3 memorised, 5 levels left

rFire  . . .     SeeInvis .     s - +2 spear (pierce)
rCold  . . .     Clarity  .     a - +0 robe
rNeg   . . .     SustAb   .     (no shield)
rPois  .         Gourm    .     (no helmet)
rElec  .         Spirit   .     (no cloak)
rCorr  .         Warding  .     (no gloves)
rMut   .         Stasis   .     (no boots)
MR     .....                    (no amulet)
Stlth  ++........               (no ring)
                                h - +2 ring of evasion

@: not resistant to hostile enchantments, unstealthy
A: change form in water, swift swim
a: Renounce Religion


You were in an ossuary.
You worshipped Okawaru.
Okawaru was noncommittal.
You were not hungry.

You visited 2 branches of the dungeon, and saw 6 of its levels.
You also visited: Ossuary.

You collected 142 gold pieces.

Inventory:

Hand weapons
 s - a +2 spear of piercing (weapon)
Missiles
 v - a throwing net (quivered)
Armour
 a - a +0 robe (worn)
 e - a +0 leather armour
 f - a +0 ring mail
 k - a cursed +0 plate armour
Jewellery
 h - a +2 ring of evasion (left hand)
Magical devices
 c - a wand of digging (18)
Scrolls
 q - a scroll of teleportation
 r - a scroll of identify
 t - 2 scrolls of fear
 u - a scroll of amnesia
Potions
 d - a potion of degeneration
 i - a potion of curing {unknown}
 j - a potion of brilliance {unknown}
 l - a potion of magic {unknown}
 o - a potion of might {unknown}
 x - a potion of poison {unknown}
Books
 b - a book of Frost

   Spells                             Type                      Level
   a - Freeze                         Ice                          1
   b - Throw Frost                    Conjuration/Ice              2
   c - Ozocubu's Armour               Charms/Ice                   3
   d - Throw Icicle                   Conjuration/Ice              4
   e - Summon Ice Beast               Ice/Summoning                4
   f - Condensation Shield            Ice                          4
 p - a Grand Grimoire {highlevel, unknown}

   This book is beyond your current level of understanding.

   Spells                             Type                      Level
   a - Aura of Abjuration             Summoning                    6
   b - Summon Greater Demon           Summoning                    7
   c - Malign Gateway                 Summoning/Translocation      7
   d - Summon Horrible Things         Summoning                    8
Comestibles
 g - a beef jerky
 m - 4 meat rations
 w - a bread ration


   Skills:
 * Level 9.4 Polearms
 - Level 5.2 Dodging
 - Level 2.1 Stealth
 - Level 3.7 Spellcasting
   Level 0.7 Conjurations
 - Level 3.2 Ice Magic


You had 5 spell levels left.
You knew the following spells:

 Your Spells              Type           Power        Failure   Level  Hunger
a - Freeze                Ice            ##..         6%          1    None
b - Ozocubu's Armour      Chrm/Ice       #.......     28%         3    ###....
c - Condensation Shield   Ice            ##........   50%         4    ####...


Dungeon Overview and Level Annotations

Branches:
Dungeon (5/15)             Temple (1/1) D:4

Altars:
Cheibriados
Elyvilon
Fedhas
Gozag
Kikubaaqudgha
Makhleb
Nemelex Xobeh
Okawaru
Qazlal
Ru
Sif Muna
Trog
Vehumet
Xom
Yredelemnul
Zin
The Shining One

Annotations:
D:2 Sigmund


Message History

The orc zombie hits you.
Casting: Freeze
Confirm with . or Enter, or press ? or * to list all spells.
Aiming: Freeze
Press: ? - help, Shift-Dir - straight line, f/p - mummy
Aim: a mummy (heavily damaged)
You freeze the mummy.
The mummy resists.
The mummy is severely damaged.
The mummy hits you!
* * * LOW HITPOINT WARNING * * *
The orc zombie barely misses you.
Casting: Freeze
Confirm with . or Enter, or press ? or * to list all spells.
Aiming: Freeze
Press: ? - help, Shift-Dir - straight line, f/p - mummy
Aim: a mummy (severely damaged)
You freeze the mummy.
The mummy completely resists.
The mummy is severely damaged.
The orc zombie barely misses you. The mummy hits you!
You die...

######################
#.........∩∩..Z......#
#.............M@.....#
#..Z##############...#
#...# #.. #...# #...#
#...# #...# #...#
....+## #...# #...#
#M∩.....#...# #..Z#
#.......#...# #..M#
#.......#...#
#...#Z####Z......#...#


You could see a mummy and an orc zombie.

Vanquished Creatures
  The ghost of digdugdiggy the Poker, an average MfIE of Okawaru (D:4)
  2 ogres
  A scorpion (D:4)
  A centaur zombie (Ossuary)
  A human zombie (Ossuary)
  Ijyb (D:2)
  Jessica (D:2)
  Terence (D:3)
  A mummy (Ossuary)
  4 adders
  5 gnolls
  A giant mite (D:2)
  6 worms
  An adder skeleton (D:4)
  3 adder zombies (Ossuary)
  2 oozes
  6 orcs
  3 ball pythons
  2 bat skeletons (D:4)
  7 giant cockroaches
  15 goblins
  12 hobgoblins
  6 jackals
  12 kobolds
  15 bats
  7 giant newts
  10 hobgoblin zombies (Ossuary)
  9 kobold zombies (Ossuary)
  8 orc zombies (Ossuary)
  2 quokkas (D:2)
  11 rats
  2 rat zombies (Ossuary)
159 creatures vanquished.

Notes
Turn   | Place    | Note
--------------------------------------------------------------
     0 | D:1      | digdugdiggy, the Merfolk Ice Elementalist, began the quest for the Orb.
     0 | D:1      | Reached XP level 1. HP: 13/13 MP: 3/3
    70 | D:1      | Reached XP level 2. HP: 8/19 MP: 0/4
   261 | D:1      | Reached skill level 4 in Dodging
   713 | D:1      | Reached XP level 3. HP: 24/24 MP: 3/6
   955 | D:1      | Reached skill level 5 in Dodging
  1307 | D:1      | Learned a level 3 spell: Ozocubu's Armour
  1419 | D:2      | Noticed Ijyb
  1427 | D:2      | Killed Ijyb
  1427 | D:2      | Reached XP level 4. HP: 22/30 MP: 1/8
  2111 | D:2      | Noticed Sigmund
  2175 | D:2      | Reached XP level 5. HP: 22/35 MP: 1/11
  2283 | D:2      | Noticed Jessica
  2288 | D:2      | Killed Jessica
  2777 | D:2      | Learned a level 4 spell: Condensation Shield
  2966 | D:3      | Reached skill level 1 in Polearms
  3185 | D:3      | Noticed Terence
  3196 | D:3      | Killed Terence
  4152 | D:3      | Reached XP level 6. HP: 39/41 MP: 11/13
  4336 | D:4      | Reached skill level 5 in Polearms
  4340 | D:4      | Noticed digdugdiggy's ghost (average MfIE)
  4353 | D:4      | Found a snail-covered altar of Cheibriados.
  4619 | D:3      | Reached skill level 6 in Polearms
  4897 | D:4      | Found a staircase to the Ecumenical Temple.
  4908 | Temple   | Entered the Ecumenical Temple
  4934 | Temple   | Became a worshipper of Warmaster Okawaru
  5089 | D:4      | Reached skill level 7 in Polearms
  5089 | D:4      | Reached XP level 7. HP: 29/46 MP: 6/15
  5404 | D:4      | Killed digdugdiggy's ghost
  5404 | D:4      | Reached skill level 8 in Polearms
  6110 | D:5      | Entered Level 5 of the Dungeon
  6111 | D:5      | Found a sand-covered staircase.
  6170 | Ossuary  | Entered an ossuary
  6422 | Ossuary  | Reached skill level 9 in Polearms
  6508 | Ossuary  | HP: 1/46 [mummy (17)]
  6509 | Ossuary  | Demolished by a mummy

Action                   |  1- 3 |  4- 6 |  7- 9 || total
-------------------------+-------+-------+-------++-------
Melee: Unarmed           |     1 |       |       ||     1
       Mace              |    41 |    35 |       ||    76
       Club              |     1 |       |       ||     1
       Spear             |       |   142 |   182 ||   324
Throw: Throwing net      |       |       |     1 ||     1
 Cast: Freeze            |    49 |    84 |    33 ||   166
       Ozocubu's Armour  |       |     4 |     4 ||     8
  Use: Scroll            |     3 |     6 |       ||     9
       Potion            |       |     1 |     1 ||     2
 Stab: Sleeping          |       |    10 |     4 ||    14
  Eat: Chunk             |     3 |     7 |     2 ||    12
       Bread ration      |       |     1 |     1 ||     2
